 Dungeon Crawl Stone Soup version 0.32-a0-18-g89e19f1974 (webtiles) character file.

Game seed: 8132865806360651787

98 samgaumpmail the Ruffian (level 4, -1/45 HPs)
             Began as a Troll Gladiator on Jan 16, 2024.
             Slain by a gnoll
             ... wielding a +0 flail
              (8 damage)
             ... on level 2 of the Dungeon.
             The game lasted 00:04:12 (2794 turns).

samgaumpmail the Ruffian (Troll Gladiator)          Turns: 2794, Time: 00:04:13

Health: -1/45      AC:  4    Str: 24    XL:     4   Next: 44%
Magic:  3/3        EV: 10    Int:  4    God:
Gold:   110        SH:  0    Dex: 11    Spells: 3/3 levels left

rFire   . . .        m - +4 dagger
rCold   . . .        (no shield)
rNeg    . . .        a - +0 robe
rPois   .            b - +0 hat
rElec   .            (no cloak)
rCorr   .            (gloves unavailable)
SInv    .            (boots unavailable)
Will    .....        (no amulet)
Stlth   +            (no ring)
HPRegen 1.07/turn    (no ring)
MPRegen 0.08/turn

%: no passive effects
@: no status effects
A: large, unfitting armour, claws 3, regeneration 1, shaggy fur 1, tough skin 1
a: no special abilities


You were on level 2 of the Dungeon.
You visited 1 branch of the dungeon, and saw 3 of its levels.

You collected 110 gold pieces.

Inventory:

Hand Weapons
 m - a +4 dagger (weapon)
Missiles
 c - 3 throwing nets {=f}
 d - a large rock (quivered) {!d}
 j - 6 poisoned darts
 Q - 35 stones
Armour
 a - a +0 robe (worn)
 b - a +0 hat (worn)
Jewellery
 e - an amulet of reflection
Scrolls
 h - a scroll of noise {unknown}
 k - a scroll of teleportation {unknown}
 l - a scroll of vulnerability {unknown}
 n - a scroll of identify {unknown}
 o - a scroll of poison {unknown}
Potions
 f - a potion of berserk rage {unknown}
 g - 3 potions of invisibility {unknown}
 i - 2 potions of curing {unknown}


   Skills:
 + Level 3.0 Fighting
 - Level 1.7 Throwing
 - Level 2.4 Dodging
 + Level 4.2 Unarmed Combat


You had 3 spell levels left.
You didn't know any spells.
Your spell library was empty.

Dungeon Overview and Level Annotations

Branches:
Dungeon (3/15) Zot: 15211

Altars:
Qazlal
Trog


Innate Abilities, Weirdness & Mutations

You are too large for most types of armour.
You have claws for hands.
Your natural rate of healing is unusually fast.
You are covered in fur. (AC +1)
You have tough skin. (AC +1)


Message History

You barely miss the gnoll. The gnoll hits you with a +0 flail!
You take 9 damage, and have 36/45 hp.
You closely miss the gnoll. The gnoll hits you with a +0 flail!
You take 6 damage, and have 30/45 hp.
You barely miss the gnoll. The gnoll hits you with a +0 flail!
* * * LOW HITPOINT WARNING * * *
You take 8 damage, and have 22/45 hp.
The gnoll attacks as it pursues you! The gnoll hits you but does no damage.
You regained 2 hp, and now have 26/45 hp.
The gnoll attacks as it pursues you! The gnoll hits you with a +0 flail.
* * * LOW HITPOINT WARNING * * *
You take 5 damage, and have 21/45 hp.
The frilled lizard unfolds its giant frill.
You regained 2 hp, and now have 35/45 hp.
There is a stone staircase leading up here.
You climb upwards.
There is a stone staircase leading down here.
You regained 3 hp, and now have 43/45 hp.
You climb downwards.
The gnoll hits you with a +0 whip. The gnoll hits you with a +0 flail.
The gnoll hits you with a +0 whip. The gnoll hits you but does no damage.
There is a stone staircase leading up here.
You take 12 damage, and have 32/45 hp.
MASSIVE DAMAGE!!
The gnoll hits you with a +0 whip! The gnoll hits you with a +0 flail.
You climb upwards.
There is a stone staircase leading down here.
You take 7 damage, and have 25/45 hp.
You completely miss the gnoll. The gnoll hits you with a +0 whip!
* * * LOW HITPOINT WARNING * * *
The gnoll closely misses you.
You take 7 damage, and have 18/45 hp.
You hit the gnoll. The gnoll hits you but does no damage.
The gnoll hits you with a +0 flail!
* * * LOW HITPOINT WARNING * * *
You take 8 damage, and have 10/45 hp.
You closely miss the gnoll. The gnoll hits you with a +0 whip.
* * * LOW HITPOINT WARNING * * *
The gnoll hits you with a +0 flail!
You die...

#.############.# #.# #.# #.# #.#
#.# #)# #.# ########.#
#.######.# #......#.#
#.#......### #.####.#.#
###.#.####.... #.# #.#.##
#...#.# ##### #.# #....#
#######.###.# #.# #...##
#.g@g.#.# #.# #.#
#..#####.###.#.# #.# #.#
#..###...# #.#.# #.######## #.#
#..#.#...# #.#.###....#....
#.####.#.#.#..###.#..)..........
#.......#)#.....<...######......
#####..#...#..###.>.####........
#...#[#.....................
#..#.#.#..####...###........


You could see 2 gnolls.

Levels and vault maps discovered:
D:1:      heliophobic_arrival_ceremonial_halls, layout_basic
D:2:      layout_loops_ring, dilly_ecumenical_altar_fadedgnrine, basic_altar,
          minmay_tiny_reverse_x
D:3:      layout_basic, mainiacjoe_overflow_catwalk, serial_shops,
          nicolae_shop_real_fake_doors, minmay_lizard_king

Notes
Turn   | Place    | Note
-------+----------+-------------------------------------------
     0 | D:1      | samgaumpmail the Troll Gladiator began the quest for the
                  | Orb.
     0 | D:1      | Reached XP level 1. HP: 19/19 MP: 0/0
     3 | D:1      | Identified an amulet of reflection
   566 | D:1      | Identified a +0 whip
  1007 | D:1      | Identified a +0 long sword
  1088 | D:1      | Identified a +0 dagger
  1088 | D:1      | Identified a +0 club
  1093 | D:1      | Reached XP level 2. HP: 26/28 MP: 1/1
  1097 | D:1      | Reached skill level 2 in Fighting
  1263 | D:2      | Identified a +0 hand axe
  1264 | D:2      | Identified a +0 hand axe
  1264 | D:2      | Identified a +1 leather armour of cold resistance
  1265 | D:2      | Identified a +0 dagger
  1316 | D:2      | Identified a +0 hand axe
  1346 | D:2      | Identified a +0 helmet
  1383 | D:2      | Found a stormy altar of Qazlal.
  1399 | D:2      | Reached XP level 3. HP: 36/36 MP: 2/2
  1610 | D:2      | Identified a +0 spear
  1657 | D:2      | Reached skill level 4 in Unarmed Combat
  1660 | D:2      | Identified a +0 dagger
  1704 | D:2      | Identified a +0 dagger
  1781 | D:2      | Identified a +0 scimitar
  1848 | D:2      | Reached XP level 4. HP: 38/44 MP: 3/3
  2070 | D:2      | Found a faded altar of an unknown god.
  2161 | D:3      | Identified a +4 dagger
  2250 | D:3      | Found a bloodstained altar of Trog.
  2318 | D:3      | Identified a +0 short sword
  2318 | D:3      | Identified a +0 leather armour
  2319 | D:3      | Identified a +0 falchion
  2319 | D:3      | Identified a +0 leather armour
  2320 | D:3      | Identified a +0 short sword
  2320 | D:3      | Identified a +0 hand axe
  2320 | D:3      | Identified a +0 leather armour
  2321 | D:3      | Identified a +0 club
  2378 | D:3      | Identified a +0 club
  2388 | D:3      | Identified a +0 robe
  2505 | D:3      | Identified a +0 whip
  2608 | D:3      | Identified a +0 short sword
  2643 | D:3      | Found Zybechecs's Assorted Antiques.
  2707 | D:3      | Identified a +0 whip
  2713 | D:3      | Reached skill level 3 in Fighting
  2726 | D:3      | Identified a +0 flail
  2727 | D:3      | Identified a +0 whip
  2727 | D:3      | Identified a +0 club
  2727 | D:3      | Identified a +0 club
  2793 | D:2      | HP: 10/45 [gnoll/+0 flail (9)]
  2794 | D:2      | Slain by a gnoll

Table legend: (Time is in decaauts)
 A = Elapsed time spent in this place.
 B = Non-inter-level travel time spent in this place.
 C = Inter-level travel time spent in this place.
 D = Time resting spent in this place.
 E = Time spent auto-exploring this place.
 F = Levels seen in this place.
 G = Mean time per level.
                   A        B        C        D        E       F      G
               +--------+--------+--------+--------+--------+-----+--------+
         Total |   2788 |   2704 |     84 |      0 |   2306 |   3 |  929.3 |
       Dungeon |   2788 |   2704 |     84 |      0 |   2306 |   3 |  929.3 |
               +--------+--------+--------+--------+--------+-----+--------+

Top non-repeatable levels by time:
     D:1: 1259 daAuts
     D:2: 900 daAuts
     D:3: 627 daAuts

Table legend:
 A = Kills in this place as a percentage of kills in the entire game.
 B = Kills by you in this place as a percentage of kills by you in the entire game.
 C = Kills by friends in this place as a percentage of kills by friends in the entire game.
 D = Other kills in this place as a percentage of other kills in the entire game.
 E = Experience gained in this place as a percentage of experience gained in the entire game.
 F = Experience gained in this place divided by the number of levels of this place that you have seen.
                   A       B       C       D       E      F
               +-------+-------+-------+-------+-------+----------------------
         Total | 100.0 | 100.0 |   N/A |   N/A | 100.0 |  47.0
       Dungeon | 100.0 | 100.0 |   N/A |   N/A | 100.0 |  47.0
               +-------+-------+-------+-------+-------+----------------------

Skill      XL: |  1  2  3  4 |
---------------+-------------+-----
Fighting       | 2 3 |  3.0
Unarmed Combat | 4 |  4.2
Throwing       | |  1.7
Dodging        | |  2.4

Action                     |  1- 3 |  4- 6 || total
---------------------------+-------+-------++-------
  Melee: Unarmed           |   106 |     6 ||   112
         Punch             |     3 |     1 ||     4
         Dagger            |       |    36 ||    36
   Stab: Sleeping          |     1 |       ||     1
 Armour: Robe              |    83 |    50 ||   133
  Dodge: Dodged            |    49 |    17 ||    66

Vanquished Creatures
  4 adders (D:2)
  A ribbon worm (D:2)
  8 orcs
  7 bats
  3 endoplasms
  4 giant cockroaches
  5 goblins
  4 hobgoblins
  A quokka (D:2)
  2 ball pythons
  2 frilled lizards (D:1)
  6 kobolds
  3 rats
50 creatures vanquished.
